 Dungeon Crawl Stone Soup version 0.29-a0-322-g68df515428 (webtiles) character file.

Game seed: 4662655404240732016

28 zishaf the Grasshopper (level 2, -2/24 HPs)
             Began as a Demigod Wanderer on Apr 8, 2022.
             Slain by an adder (3 damage)
             ... on level 2 of the Dungeon.
             The game lasted 00:01:32 (1186 turns).

zishaf the Grasshopper (Demigod Wanderer)           Turns: 1186, Time: 00:01:33

Health: -2/24      AC:  4    Str: 11    XL:     2   Next: 75%
Magic:  5/5        EV: 10    Int: 15    God:
Gold:   18         SH:  4    Dex: 14    Spells: 2/3 levels left

rFire   . . .      SeeInvis .   a - +0 hand axe
rCold   . . .      Faith    .   b - +0 buckler
rNeg    . . .      Spirit   .   h - +0 leather armour
rPois   .          Reflect  .   e - +0 helmet
rElec   .          Harm     .   (no cloak)
rCorr   .          Rampage  .   (no gloves)
Will    .....                   (no boots)
Stlth   +.........              (no amulet)
HPRegen 0.08/turn               (no ring)
MPRegen 0.09/turn               (no ring)

@: lethally poisoned (-2 -> -10)
A: high MP 1, forlorn, divine attributes
a: no special abilities


You were on level 2 of the Dungeon.
You visited 1 branch of the dungeon, and saw 2 of its levels.

You collected 18 gold pieces.

Inventory:

Hand Weapons
 a - a +0 hand axe (weapon)
Missiles
 f - 2 poisoned darts
Armour
 b - a +0 buckler (worn)
 d - a +0 robe
 e - a +0 helmet (worn)
 h - a +0 leather armour (worn)
Scrolls
 g - a scroll of identify {unknown}
 i - a scroll of fear {unknown}
 k - 2 scrolls of noise {unknown}
 l - a scroll of magic mapping {unknown}
Potions
 c - a potion of lignification
 j - a potion of haste {unknown}


   Skills:
 + Level 1.7 Fighting
 - Level 1.0 Axes
 - Level 1.0 Throwing
 - Level 1.0 Armour
 - Level 1.0 Stealth
 + Level 1.7 Shields
 - Level 1.0 Spellcasting
 + Level 3.1 Translocations


You had 2 spell levels left.
You knew the following spells:

 Your Spells              Type           Power      Damage    Failure   Level
a - Apportation           Tloc           20%        N/A       12%         1

Your spell library contained the following spells:

 Spells                   Type           Power      Damage    Failure   Level
 Blink                    Tloc           20%        N/A       19%         2
 Passage of Golubria      Tloc           10%        N/A       77%         4
 Tukima's Dance           Hex            0%         N/A       78%         3
 Yara's Violent Unravell  Hex/Tmut       0%         3d3       100%        5


Dungeon Overview and Level Annotations

Branches:
Dungeon (2/15)


Innate Abilities, Weirdness & Mutations

You have an increased reservoir of magic. (+10% MP)
You shall have no god before yourself.
Your divine heritage dramatically boosts your attributes as you level up.


Message History

The ball python grabs you. The ball python constricts you. The adder bites you.
You are poisoned.
The adder poisons you! The ball python closely misses you.
The ball python constricts you. The adder bites you but does no damage.
You hit the ball python.
You kill the ball python!
You hit the goblin. You barely miss the adder.
You feel sick. The adder closely misses you.
The goblin hits you with a +0 club.
You barely miss the goblin.
The goblin is moderately wounded.
You hit the adder.
You feel sick. The adder closely misses you. The goblin barely misses you.
You block the adder's attack.
You miss the adder.
The adder is moderately wounded.
You hit the goblin.
You feel sick. The adder bites you.
You are more poisoned.
The adder poisons you! You block the goblin's attack.
You closely miss the goblin.
The goblin is heavily wounded.
You miss the adder.
You feel very sick. You block the adder's attack.
The goblin hits you with a +0 club. You block the adder's attack.
The goblin barely misses you.
You are too injured to fight recklessly!
You are too injured to fight recklessly!
You closely miss the adder.
The adder is moderately wounded.
You closely miss the goblin.
You feel sick. The adder bites you.
* * * LOW HITPOINT WARNING * * *
You are more poisoned.
The adder poisons you! The goblin barely misses you.
The adder bites you but does no damage.
You hit the adder.
The adder is severely wounded.
You barely miss the goblin.
* * * LOW HITPOINT WARNING * * *
You feel very sick. The adder closely misses you.
The goblin closely misses you. The adder bites you.
You die...

##########
#........#
#........####
#............
#............
#............
#....<.......
#...@†.......
##.S.g.......
#.####......
... ......
#.. .#....
### #.>.# ...


You could see an adder and a goblin.

Vanquished Creatures
  6 ball pythons
  A bat (D:1)
  2 endoplasms (D:1)
  4 giant cockroaches (D:1)
  A goblin (D:1)
  3 hobgoblins (D:1)
  A quokka (D:1)
  2 frilled lizards (D:1)
  3 kobolds (D:1)
  2 rats (D:1)
25 creatures vanquished.

Notes
Turn   | Place    | Note
-------+----------+-------------------------------------------
     0 | D:1      | zishaf the Demigod Wanderer began the quest for the Orb.
     0 | D:1      | zishaf set off with the following items: a +0 hand axe, a
                  | +0 buckler, a potion of lignification, a +0 robe; and the
                  | following spell memorised: Apportation; and the following
                  | spells available to memorise: Blink, Passage of Golubria
     0 | D:1      | Reached XP level 1. HP: 16/16 MP: 4/4
   298 | D:1      | Reached XP level 2. HP: 23/23 MP: 5/5
   366 | D:1      | Reached skill level 3 in Translocations
  1186 | D:2      | HP: 1/24 [poisoned by an adder]
  1186 | D:2      | Slain by an adder

Illustrated notes

Levels and vault maps discovered:
D:1:      scummos_arrival_simple_fountains, layout_basic,
          shapermc_ecumenical_altar_ellora, hangedman_decor_diamond_cutter
D:2:      kennysheep_six_static_rooms, layout_basic, uniq_terence

Skill      XL: |  1  2 |
---------------+-------+-----
Translocations | 3 |  3.1
Fighting       | |  1.7
Axes           | |  1.0
Throwing       | |  1.0
Armour         | |  1.0
Stealth        | |  1.0
Shields        | |  1.7
Spellcasting   | |  1.0

Action                   || total
-------------------------++-------
Melee: Hand axe          ||    77
 Stab: Sleeping          ||     3
Armor: Robe              ||     5
       Leather armour    ||    25
Dodge: Dodged            ||    43
Block: Buckler           ||    20

Table legend: (Time is in decaauts)
 A = Elapsed time spent in this place.
 B = Non-inter-level travel time spent in this place.
 C = Inter-level travel time spent in this place.
 D = Time resting spent in this place.
 E = Time spent auto-exploring this place.
 F = Levels seen in this place.
 G = Mean time per level.
                   A        B        C        D        E       F      G
               +--------+--------+--------+--------+--------+-----+--------+
         Total |   1213 |   1175 |     38 |      0 |    946 |   2 |  606.5 |
       Dungeon |   1213 |   1175 |     38 |      0 |    946 |   2 |  606.5 |
               +--------+--------+--------+--------+--------+-----+--------+

Top non-repeatable levels by time:
     D:1: 1200 daAuts
     D:2: 13 daAuts
